 Dungeon Crawl Stone Soup version 0.18.1-6-gd335043 (webtiles) character file.

112905 magipi the Bludgeoner (level 16, -14/158 HPs)
             Began as an Ogre Hunter on May 15, 2016.
             Was the Champion of the Shining One.
             Demolished by a shambling mangrove (23 damage)
             ... on level 2 of the Swamp on May 16, 2016.
             The game lasted 03:14:55 (36750 turns).

magipi the Bludgeoner (Ogre Hunter)                Turns: 36750, Time: 03:14:56

Health: -14/158    AC:  8    Str: 21    XL:     16   Next: 61%
Magic:  0/24       EV: 13    Int: 11    God:    the Shining One [******]
Gold:   1040       SH:  0    Dex: 17    Spells: 5 memorised, 12 levels left

rFire  . . .     SeeInvis .     a - +8 giant spiked club (holy)
rCold  . . .     Gourm    .     i - +2 robe {MR+}
rNeg   + + +     Faith    .     (shield currently unavailable)
rPois  +         Spirit   +     (helmet restricted)
rElec  +         Dismiss  .     m - +2 cloak {rPois}
rCorr  .         Reflect  .     (gloves unavailable)
SustAt .         Harm     .     (boots unavailable)
MR     +++..                    H - amulet of guardian spirit
Stlth  +.........               D - +3 ring of evasion
                                W - ring "Vyus Fub" {+Inv MR+ Dex+3 Slay+3}

@: grasped by roots, glowing, repel missiles, very slow, extremely resistant to
hostile enchantments, very unstealthy
A: unfitting armour, electricity resistance, tough skin 1
a: Divine Shield, Cleansing Flame, Summon Divine Warrior, Renounce Religion,
Evoke Invisibility


You were on level 2 of the Swamp.
You worshipped the Shining One.
The Shining One was exalted by your worship.
You were not hungry.

You visited 6 branches of the dungeon, and saw 33 of its levels.
You also visited: Labyrinth, Sewer and Bailey.

You collected 2897 gold pieces.
You spent 1857 gold pieces at shops.

Notes
Turn   | Place    | Note
--------------------------------------------------------------
     0 | D:1      | magipi the Ogre Hunter began the quest for the Orb.
     0 | D:1      | Reached XP level 1. HP: 22/22 MP: 1/1
   292 | D:1      | You fall through a shaft!
   299 | D:2      | Reached XP level 2. HP: 26/29 MP: 2/2
   680 | D:2      | Found a sacrificial altar of Ru.
   722 | D:2      | Reached XP level 3. HP: 31/36 MP: 3/3
   728 | D:2      | Reached skill level 5 in Throwing
   818 | D:1      | Reached skill level 1 in Maces & Flails
  1366 | D:1      | Reached XP level 4. HP: 39/44 MP: 4/4
  1456 | D:1      | Reached skill level 2 in Maces & Flails
  1586 | D:2      | Found a sparkling altar of Nemelex Xobeh.
  1623 | D:2      | Found an opulent altar of Gozag.
  1901 | D:2      | Noticed Ijyb
  1919 | D:2      | Killed Ijyb
  1919 | D:2      | Reached skill level 3 in Maces & Flails
  2121 | D:3      | Reached skill level 4 in Maces & Flails
  2121 | D:3      | Reached XP level 5. HP: 41/50 MP: 5/5
  2273 | D:3      | Found a glowing drain.
  2288 | Sewer    | Entered a sewer
  2555 | Sewer    | Noticed a crocodile
  2565 | Sewer    | Killed a crocodile
  2565 | Sewer    | Reached skill level 5 in Maces & Flails
  2866 | D:3      | Noticed Terence
  2867 | D:3      | Killed Terence
  2867 | D:3      | Reached skill level 6 in Maces & Flails
  2867 | D:3      | Reached XP level 6. HP: 59/59 MP: 6/6
  3531 | D:4      | Reached skill level 7 in Maces & Flails
  3635 | D:4      | Reached skill level 8 in Maces & Flails
  3635 | D:4      | Reached XP level 7. HP: 26/66 MP: 7/7
  4289 | D:4      | Found an iron altar of Okawaru.
  4290 | D:4      | Found a bloodstained altar of Trog.
  4642 | D:4      | Noticed Robin
  4648 | D:4      | Killed Robin
  4652 | D:4      | Reached skill level 9 in Maces & Flails
  4996 | D:5      | Entered Level 5 of the Dungeon
  5030 | D:5      | Found Ipoorah's Gadget Boutique.
  5045 | D:5      | Bought a wand of acid (3/15) for 168 gold pieces
  5111 | D:5      | Found a runed door.
  5128 | D:5      | Found a runed door.
  5143 | D:5      | Found Orghevupt's Gadget Boutique.
  5212 | D:5      | Reached skill level 10 in Maces & Flails
  5288 | D:5      | Found a staircase to the Ecumenical Temple.
  5299 | Temple   | Entered the Ecumenical Temple
  5385 | Temple   | Reached XP level 8. HP: 31/74 MP: 8/8
  5735 | D:5      | Found Muemm's Book Emporium.
  5748 | D:5      | Found a glowing silver altar of Zin.
  5783 | D:5      | Reached skill level 11 in Maces & Flails
  6065 | D:6      | Found a blossoming altar of Fedhas.
  6167 | D:6      | Reached skill level 12 in Maces & Flails
  6357 | D:6      | Found a glowing golden altar of the Shining One.
  6362 | D:6      | Became a worshipper of the Shining One
  6415 | D:6      | Reached skill level 13 in Maces & Flails
  6494 | D:6      | Reached XP level 9. HP: 71/80 MP: 9/9
  6757 | D:7      | Found a radiant altar of Vehumet.
  7156 | D:7      | Reached skill level 14 in Maces & Flails
  7557 | D:8      | Noticed Pikel
  7567 | D:8      | Killed Pikel
  7567 | D:8      | Reached skill level 15 in Maces & Flails
  7769 | D:8      | Found Ifetuoss's Jewellery Shoppe.
  7795 | D:8      | Reached skill level 16 in Maces & Flails
  7795 | D:8      | Reached XP level 10. HP: 47/88 MP: 10/10
  7815 | D:8      | Bought an uncursed ring of protection from fire for 325 gold pieces
  7861 | D:8      | Found a flagged portal.
  7876 | Bailey   | Entered a bailey
  7956 | Bailey   | Noticed NoLuckNoSkill's ghost (novice DECj)
  8006 | D:8      | Noticed Psyche
  8007 | D:8      | Noticed Psyche
  8007 | D:8      | Psyche changed into Psyche the boggart
  8010 | D:8      | Killed Psyche the boggart
  8086 | D:8      | Reached * piety under the Shining One
  8095 | D:8      | Reached skill level 1 in Evocations
  8452 | D:9      | Found Domagiy's Antique Armour Boutique.
  8467 | D:9      | Bought a runed robe for 20 gold pieces
  8506 | D:9      | Noticed a deep elf mage
  8519 | D:9      | Killed a deep elf mage
  8580 | D:9      | Found a white marble altar of Elyvilon.
  8624 | D:9      | Found a stormy altar of Qazlal.
  8751 | D:9      | Reached skill level 5 in Fighting
  8946 | D:9      | Got a fabulously ornate robe
  8957 | D:9      | Identified the cursed +1 robe of Weirdness {rN++ Dex+4} (You found it on level 9 of the Dungeon)
  9059 | D:9      | Reached ** piety under the Shining One
  9207 | D:10     | Entered Level 10 of the Dungeon
  9239 | D:10     | Noticed a gargoyle
  9247 | D:10     | Killed a gargoyle
  9686 | D:10     | Reached *** piety under the Shining One
  9781 | D:10     | Found a staircase to the Orcish Mines.
  9803 | D:10     | Reached **** piety under the Shining One
  9807 | D:10     | Reached XP level 11. HP: 103/109 MP: 14/14
 10028 | D:10     | Reached skill level 5 in Dodging
 10247 | D:11     | Reached skill level 5 in Evocations
 10635 | D:11     | Noticed a white ugly thing
 10646 | D:11     | Killed a white ugly thing
 10966 | D:11     | Noticed Maurice
 10974 | D:11     | Killed Maurice
 10992 | D:11     | Found a staircase to the Lair.
 11010 | D:11     | Noticed a hill giant
 11014 | D:11     | Killed a hill giant
 11493 | D:11     | Reached ***** piety under the Shining One
 11531 | D:11     | Found a portal to a secret trove of treasure.
 11978 | D:12     | Noticed a hill giant
 11987 | D:12     | Killed a hill giant
 12014 | D:12     | Noticed a cyclops
 12032 | D:12     | Killed a cyclops
 12053 | D:12     | Found a blossoming altar of Fedhas.
 12055 | D:12     | Noticed a white ugly thing
 12066 | D:12     | Killed a purple ugly thing
 12069 | D:12     | Reached XP level 12. HP: 34/118 MP: 2/17
 13144 | Lair:1   | Entered Level 1 of the Lair of Beasts
 13792 | Lair:2   | Found a labyrinth entrance.
 13801 | Lab      | Entered a labyrinth
 14258 | Lab      | Noticed a minotaur
 14277 | Lab      | Killed a minotaur
 14299 | Lab      | Identified a +5 rod of clouds (14/14) (You found it in a labyrinth)
 14328 | Lair:2   | Noticed a five-headed hydra
 14332 | Lair:2   | Killed a five-headed hydra
 15061 | Lair:3   | Found a staircase to the Snake Pit.
 15606 | Lair:3   | Found a staircase to the Swamp.
 15628 | Lair:3   | Gained mutation: You are resistant to electric shocks. [potion of beneficial mutation]
 15694 | Lair:3   | Reached XP level 13. HP: 115/128 MP: 15/19
 16225 | Lair:4   | Found a snail-covered altar of Cheibriados.
 16262 | Lair:4   | Noticed Snorg
 16667 | Lair:5   | Reached skill level 1 in Invocations
 17148 | Lair:5   | Found a glowing silver altar of Zin.
 17397 | Lair:5   | Reached skill level 10 in Evocations
 17550 | Lair:5   | Reached skill level 5 in Invocations
 18536 | Lair:6   | Reached skill level 10 in Fighting
 19159 | Lair:7   | Reached XP level 14. HP: 127/143 MP: 18/21
 19628 | Lair:7   | Learned a level 1 spell: Freeze
 19633 | Lair:7   | Learned a level 4 spell: Cause Fear
 19636 | Lair:8   | Entered Level 8 of the Lair of Beasts
 19886 | Lair:8   | Reached skill level 10 in Invocations
 19915 | Lair:8   | Reached skill level 1 in Spellcasting
 19920 | Lair:8   | Learned a level 3 spell: Ozocubu's Armour
 20549 | Orc:1    | Entered Level 1 of the Orcish Mines
 20572 | Orc:1    | Reached skill level 1 in Hexes
 20572 | Orc:1    | Reached skill level 1 in Ice Magic
 20936 | Orc:1    | Noticed manyhoops's ghost (journeyman DsGl)
 20967 | Orc:1    | Killed manyhoops's ghost
 21014 | Orc:1    | Noticed Aelig's ghost (journeyman OpWz)
 21020 | Orc:1    | Found Soungu's Weapon Shoppe.
 21035 | Orc:1    | Killed Aelig's ghost
 21804 | D:8      | Bought the ring "Vyus Fub" {+Inv MR+ Dex+3 Slay+3} for 921 gold pieces
 21957 | Orc:2    | Entered Level 2 of the Orcish Mines
 22592 | Orc:2    | Found a staircase to the Elven Halls.
 22593 | Orc:2    | Found Ikunko's General Store.
 22794 | Orc:2    | Noticed crawlian's ghost (journeyman DEFE)
 22809 | Orc:2    | Killed crawlian's ghost
 23379 | Orc:2    | Found Sappyxie's Food Shoppe.
 23379 | Orc:2    | Found Lukim's Magic Scroll Boutique.
 23381 | Orc:2    | Found Xiemet's Book Shop.
 23383 | Orc:2    | Found Juguilat's Book Emporium.
 23392 | Orc:2    | Bought a book of Minor Magic for 300 gold pieces
 23421 | Orc:2    | Learned a level 2 spell: Blink
 23424 | Orc:2    | Learned a level 2 spell: Repel Missiles
 23548 | Orc:2    | Bought a scroll of recharging for 123 gold pieces
 23710 | D:11     | Reached skill level 1 in Charms
 24532 | D:13     | Found a gate to the Vaults.
 24736 | D:14     | Reached ****** piety under the Shining One
 24888 | D:14     | Found an oddly glowing altar of Pakellas.
 24897 | D:14     | Reached XP level 15. HP: 149/149 MP: 22/22
 25134 | D:14     | Identified a +7 giant spiked club of holy wrath (a +5 giant spiked club blessed by the Shining One)
 25134 | D:14     | Received a gift from the Shining One
 25577 | D:14     | Noticed Rupert
 25599 | D:15     | Entered Level 15 of the Dungeon
 25833 | D:15     | Reached skill level 5 in Charms
 25875 | D:15     | Found a runed door.
 25875 | D:15     | Noticed a tengu reaver
 26384 | Swamp:1  | Entered Level 1 of the Swamp
 26685 | Swamp:1  | Got a steaming cloak
 26696 | Swamp:1  | Identified the +2 cloak "Tigy" {+Blink Int+4 Dex-5 Slay+3} (You found it on level 1 of the Swamp)
 26877 | Swamp:1  | Reached skill level 5 in Ice Magic
 27248 | Swamp:1  | Reached skill level 1 in Translocations
 27587 | Swamp:2  | Noticed Roxanne
 27695 | Swamp:2  | Paralysed by a wasp for 3 turns
 28922 | Swamp:2  | Noticed a thorn hunter
 29008 | Swamp:3  | HP: 2/149 [six-headed hydra (9)]
 29197 | Swamp:2  | Killed a thorn hunter
 29767 | Snake:1  | Entered Level 1 of the Snake Pit
 31417 | Snake:1  | Reached XP level 16. HP: 133/158 MP: 19/23
 31639 | Snake:2  | Found a shattered altar of Ashenzari.
 33115 | Snake:2  | Reached skill level 5 in Translocations
 33397 | Snake:2  | Noticed a greater naga
 33405 | Snake:2  | Killed a greater naga
 33975 | Snake:3  | Learned a level 4 spell: Summon Ice Beast
 34232 | Snake:3  | Reached skill level 1 in Summonings
 34330 | Snake:4  | Entered Level 4 of the Snake Pit
 34723 | Snake:4  | Identified a scroll of acquirement
 36750 | Swamp:2  | Demolished by a shambling mangrove

Inventory:

Hand Weapons
 a - a +8 giant spiked club of holy wrath (weapon)
Missiles
 c - 16 large rocks (quivered)
 y - 8 javelins
 E - 3 throwing nets
Armour
 i - a +2 robe of magic resistance (worn)
 m - a +2 cloak of poison resistance (worn)
 P - a +1 robe of fire resistance
Jewellery
 f - an uncursed ring of protection from fire
 r - an uncursed ring of ice
 D - a +3 ring of evasion (right hand)
 H - an amulet of guardian spirit (around neck)
 W - the ring "Vyus Fub" (left hand) {+Inv MR+ Dex+3 Slay+3}
   (You bought it in a shop on level 8 of the Dungeon)

   [ring of slaying]

   It affects your dexterity (+3).
   It affects your accuracy and damage with ranged weapons and melee attacks
   (+3).
   It affects your resistance to hostile enchantments.
   It lets you turn invisible.
Wands
 h - a wand of lightning (4/15)
 p - a wand of hasting (4/9)
 v - a wand of confusion (15/48)
 w - a wand of enslavement (19/24)
 z - a wand of acid (1/15)
 C - a wand of polymorph (5/24)
 G - a wand of iceblast (4/15)
 N - a wand of polymorph (1/24)
 O - a wand of iceblast (0/15)
 Q - a wand of slowing (16/48)
 R - a wand of teleportation (1/9)
 U - a wand of digging (3/24)
Scrolls
 n - a scroll of identify
 o - 6 scrolls of fear
 q - 3 scrolls of recharging
 s - 14 scrolls of remove curse
 t - 11 scrolls of teleportation
 I - a scroll of magic mapping
 J - a scroll of summoning
 T - 2 scrolls of fog
Potions
 e - 3 potions of magic
 g - a potion of ambrosia
 k - 9 potions of flight
 l - 17 potions of curing
 u - 4 potions of heal wounds
 A - 2 potions of lignification
 B - a potion of cancellation
 K - a potion of haste
 L - 2 potions of cure mutation
 X - a potion of might
Books
 x - a book of Frost

   Spells                             Type                      Level
   a - Freeze                         Ice                          1
   b - Throw Frost                    Conjuration/Ice              2
   c - Ozocubu's Armour               Charms/Ice                   3
   d - Throw Icicle                   Conjuration/Ice              4
   e - Summon Ice Beast               Ice/Summoning                4
 M - a book of Enchantments

   Spells                             Type                      Level
   a - Cause Fear                     Hexes                        4
   b - Yara's Violent Unravelling     Hexes/Transmutation          5
   c - Silence                        Hexes/Air                    5
   d - Deflect Missiles               Charms/Air                   6
   e - Haste                          Charms                       6
   f - Discord                        Hexes                        8
Miscellaneous
 F - a fan of gales
 V - a phial of floods
Comestibles
 b - 11 meat rations
 d - 14 bread rations


   Skills:
 - Level 10.0 Fighting
 - Level 16.1 Maces & Flails
 - Level 8.3 Throwing
 - Level 8.8 Dodging
 - Level 0.7 Stealth
 - Level 4.5 Spellcasting
   Level 3.1 Hexes
 - Level 8.1 Charms
 + Level 3.2 Summonings
 - Level 5.0 Translocations
 + Level 5.0 Ice Magic
 - Level 10.0 Invocations
 + Level 11.6 Evocations


You had 12 spell levels left.
You knew the following spells:

 Your Spells              Type           Power        Failure   Level  Hunger
a - Freeze                Ice            ##..         2%          1    #......
b - Blink                 Tloc           N/A          4%          2    ##.....
c - Summon Ice Beast      Ice/Summ       ##......     45%         4    #####..
m - Repel Missiles        Chrm/Air       ##....       10%         2    ##.....
o - Ozocubu's Armour      Chrm/Ice       ###.....     6%          3    ###....


Dungeon Overview and Level Annotations

Branches:
Dungeon (15/15)            Temple (1/1) D:5            Lair (8/8) D:11
  Swamp (3/4) Lair:3        Snake (4/4) Lair:3          Orc (2/2) D:10
    Elf (0/3) Orc:2        Vaults (0/5) D:13
  Slime: Lair:6-8    Depths: D:15

Altars:
Ashenzari
Cheibriados
Dithmenos
Elyvilon
Fedhas
Gozag
Kikubaaqudgha
Makhleb
Nemelex Xobeh
Okawaru
Pakellas
Qazlal
Ru
Trog
Vehumet
Xom
Yredelemnul
Zin
The Shining One

Shops:
D:5 :}}   D:8 =   D:9 [   Orc:1 (   Orc:2 *:%?:

Portals:
Trove: D:11 (give 3 potions of cure mutation)

Annotations:
D:5 disint
D:14 Rupert
D:15 1 runed door
Lair:4 Snorg
Lair:8 snake
Swamp:2 exclusion: Roxanne, Roxanne


Innate Abilities, Weirdness & Mutations

You are too large for most types of armour.
You have tough skin (AC +1).
You are resistant to electric shocks.

Vault maps used:
D:1:      dpeg_arrival_snail
D:2:      lemuel_doored_altar, nicolae_gozag_seed_capital, first_bread,
          columned_hall_lemuel, nicolae_ru_path_of_blood, uniq_iyjb
D:3:      portal_sewer_entry_e, uniq_terence
D:4:      kennysheep_goblin_castle, grunt_temple_overflow_bloody_war
D:5:      lemuel_insect_pit, zin_scriptorium, minmay_temple_entry_grid,
          serial_shops, nicolae_shop_waterfront, shop, shop
D:6:      tso_metal_star, fedhas_bush_and_centaur_altar
D:7:      basic_altar
D:8:      enter_bailey_3, serial_shops, shop, uniq_pikel, uniq_psyche
D:9:      nicolae_overflow_hidden_temple, grunt_qazlal_clouds, serial_shops,
          shop
D:10:     zombieorc1_lemuel
D:11:     lair_0_dummy, nicolae_trove_entry_path_of_doom, uniq_maurice
D:12:     hangedman_tree_tricks
D:13:     erik_vaults_1
D:14:     minivault_23, grunt_pakellas_basics, uniq_rupert
D:15:     grunt_enter_depths_magical_seal, minmay_misc_feat_roman,
          kennysheep_treasure_room
Temple:   oiseaux_autumnal_temple_12
Lair:1:   nicolae_lair_grove_arrangements
Lair:2:   lab_entry_generic, nicolae_quartered_pool_medium, lemuel_fruit_fields
Lair:3:   swamp_mist, dummy_snake_entry
Lair:4:   basic_altar, uniq_snorg
Lair:5:   basic_altar, special_room, beast_lair_carwin_11,
          infiniplex_staircase_pool
Lair:8:   hangedman_lair_tendril_chambers, minmay_slime_entry_oklob_enclosed
Swamp:1:  nicolae_swamp_feature_on_the_river_bank
Swamp:2:  evilmike_swamp_ruin_house_3, uniq_roxanne
Swamp:3:  evilmike_swamp_ruin_rubble_1
Snake:2:  basic_altar
Snake:4:  grunt_snake_rune_spirals
Orc:1:    serial_shops, nicolae_shop_statue_plus
Orc:2:    st_orc_rangers, serial_shops, shop
Lab:      lab_hedge
Sewer:    sewer_the_crocodile
Bailey:   bailey_axe_3, bailey


Message History

You hear a loud, deep croak!
You hear a shout! x2; You hear a croak.
A spriggan druid comes into view. It is wielding a quarterstaff.
The spriggan druid calls out to the beasts of the wild!
A spiny frog comes into view.
You enter the shallow water.
Moving in this stuff is going to be slow.
The spiny frog stings you!
A spiny frog and a spriggan rider come into view.
The spiny frog closely misses you.
You bludgeon the spiny frog!!
The spiny frog is severely wounded.
The spiny frog stings you!!
You are feeling hungry.
You impale the spiny frog!!
You kill the spiny frog!
The spiny frog misses you. The spiny frog stings you!
A spriggan rider comes into view. It is wielding a spear.
A spiny frog comes into view.
The spiny frog misses you.
There is a stone staircase leading up, spattered with blood here.
You see here a spiny frog corpse.
The spriggan rider hits you from afar with a spear!
The spriggan rider closely misses you. The spiny frog stings you!
You climb upwards.
Level annotation: exclusion: Roxanne, Roxanne
There is a stone staircase leading down here.
Unknown command.
You impale the spiny frog!!
The spiny frog is heavily wounded.
The spiny frog completely misses you.
You hit the spiny frog.
The spiny frog is heavily wounded.
The spiny frog stings you!! The spiny frog stings you.
You are poisoned.
The spiny frog poisons you!
You bludgeon the spiny frog!!
You kill the spiny frog!
You feel sick.
Unknown command.
You start resting.
You feel sick. x10
The sentinel's mark upon you fades away.
You feel sick.
Eat which item? (? for menu, Esc to quit)
Mmmm...
Yummy guava.
Eat which item? (? for menu, Esc to quit)
You feel sick.
That rambutan was delicious!
You start resting.
You feel sick. x3
A swamp worm comes into view.
You feel sick.
There is a stone staircase leading down, spattered with blood here.
A shambling mangrove comes into view.
You feel sick.
The shambling mangrove reaches out with a gnarled limb.
Grasping roots rise from the ground around the shambling mangrove!
You barely miss the swamp worm.
Roots grasp at your feet, making movement difficult.
The swamp worm bites you but does no damage.
You hit the swamp worm but do no damage.
The swamp worm barely misses you.
You bludgeon the swamp worm!!
The swamp worm is severely wounded.
The swamp worm barely misses you. The swamp worm bites you!
You closely miss the swamp worm.
The swamp worm is severely wounded.
You feel sick. The swamp worm bites you!
You hit the swamp worm.
The swamp worm is almost dead.
The swamp worm bites you!
You sock the swamp worm!
You kill the swamp worm!
You feel sick.
You are no longer poisoned.
Throwing (i - inventory. (,) - cycle):
c - 17 large rocks (quivered)
Press: ? - help, Shift-Dir - straight line, f - shambling mangrove
Aim: a shambling mangrove (haloed)
You throw a large rock.
The large rock hits the shambling mangrove!!
The shambling mangrove is moderately damaged.
You hear a splash.
You puncture the shambling mangrove!
The shambling mangrove is heavily damaged.
Angry insects surge out from beneath the shambling mangrove's foliage!
The shambling mangrove hits you!
* * * LOW HITPOINT WARNING * * *
Unknown command.
You bludgeon the shambling mangrove!!
The shambling mangrove is almost destroyed.
The shambling mangrove hits you!!!
* * * LOW HITPOINT WARNING * * *
The hornet stings you.
* * * LOW HITPOINT WARNING * * *
Unknown command.
Read which item? (? for menu, Esc to quit)
As you read the scroll of fear, it crumbles to dust.
You assume a fearsome visage.
The hornet looks frightened!
The shambling mangrove is unaffected.
The hornet looks frightened! x2
The shambling mangrove hits you!!
You die...

.♣ ♣.....≈.♣♣
♣♣.≈.♣♣≈.♣♣≈≈♣
≈♣ ♣.≈≈≈≈≈≈♣♣
♣.≈≈♣♣♣.♣♣♣..♣
≈♣ ♣.≈.≈.≈≈.♣
♣♣..♣ ♣≈♣ ♣♣≈♣
§♣ ♣.≈≈≈≈...♣
♣♣≈≈♣ ♣≈♣ ♣♣.♣♣
≈♣
♣.≈..≈≈≈.♣♣♣.≈.♣
♣.♣ ♣..≈♣ .♣
♣...≈≈≈...♣♣≈.♣♣
♣.♣ ♣♣≈≈♣ .♣
♣....≈≈y≈yy♣≈.♣
♣≈ ♣≈≈♣ .♣
♣.......≈≈≈≈≈≈♣
.≈ ♣†.♣ .♣♣
♣.≈♣.♣♣≈(f@≈≈≈.♣
♣.†♣ ..♣
♣.≈♣.♣♣§≈>♣.♣.♣♣
♣♣.♣ .≈.♣
♣≈♣♣.♣♣♣†.♣.≈.♣
♣.≈ ≈≈♣♣ ♣≈ ♣.♣
♣.♣♣♣..♣ ♣.≈ ≈.♣
♣♣ ♣♣♣ ♣≈♣ ♣♣♣♣
♣.≈ ♣♣♣ ♣≈♣ ♣...
♣♣♣ ♣♣≈♣ ♣♣♣


You could see a shambling mangrove and 3 hornets.

Vanquished Creatures
  A greater naga (Snake:2)
  A minotaur (Lab)
  The ghost of manyhoops the Cleaver, a journeyman DsGl of Qazlal (Orc:1)
  2 naga warriors
  7 hydras
  5 anacondas
  2 dancing weapons (D:13)
  7 death yaks
  5 alligators
  The ghost of Aelig the Covert, a journeyman OpWz (Orc:1)
  A centaur warrior (D:14)
  2 tengu warriors
  A hell hog (Snake:1)
  6 naga sharpshooters
  A shock serpent (Snake:4)
  An unseen horror (D:12)
  2 shambling mangroves (Swamp:2)
  2 naga ritualists
  Pikel (D:8)
  2 deep elf magi
  2 orc sorcerers (Orc:1)
  3 hill giants
  4 griffons
  6 mana vipers
  3 hornets (Swamp:2)
  3 manticores
  A salamander (Snake:1)
  3 cyclopes
  7 ugly things
  Maurice (D:11)
  25 black mambas
  8 naga magi
  A black mamba (shapeshifter) (D:15)
  A gargoyle (D:10)
  7 elephants
  19 spiny frogs
  5 komodo dragons
  4 rime drakes
  2 guardian mummies (D:11)
  2 tengu conjurers
  6 giant leeches
  3 two-headed ogres
  A queen bee (Lair:5)
  8 trolls
  A two-headed ogre (shapeshifter) (D:13)
  2 polar bears (Lair:5)
  3 slime creatures (Swamp:1)
  2 bog bodies
  9 blink frogs
  A redback (Snake:1)
  3 spriggans
  A spriggan (shapeshifter) (D:15)
  2 shadows (Swamp:2)
  A vampire (D:11)
  6 wyverns
  10 basilisks
  34 yaks
  4 vampire mosquitoes
  15 hippogriffs
  2 hungry ghosts
  21 nagas
  5 insubstantial wisps (Swamp:2)
  3 wargs
  13 swamp worms
  13 water moccasins
  17 porcupines
  A boggart (D:8)
  33 orc warriors
  An eye of draining (D:10)
  A sky beast (D:8)
  3 ice beasts
  11 ogres
  6 phantoms
  2 swamp drakes
  13 wasps
  30 centaurs
  4 wolves (Lair:2)
  A necrophage (D:9)
  16 crocodiles
  2 big kobolds
  11 giant frogs
  A gnoll sergeant (D:6)
  3 scorpions
  26 killer bees
  7 wights
  2 electric eels
  13 howler monkeys
  4 crimson imps
  6 centaur zombies
  3 jellies
  8 hounds
  A wasp zombie (D:8)
  4 giant frog zombies
  16 orc wizards
  18 orc priests
  3 giant frog skeletons
  4 centaur skeletons
  Terence (D:3)
  7 iguanas
  Ijyb (D:2)
  14 worker ants
  14 sheep
  6 ogre zombies (D:10)
  A howler monkey zombie (D:10)
  2 worker ant zombies
  Robin (D:4)
  13 adders
  6 gnolls
  2 howler monkey skeletons (D:5)
  30 river rats
  A shadow imp (D:8)
  4 oozes
  A worm (D:3)
  An adder zombie (D:5)
  5 giant geckos
  91 orcs
  8 giant cockroaches
  9 hobgoblins
  14 jackals
  22 kobolds
  4 quokkas
  3 ball pythons (D:3)
  6 bats
  2 giant newts
  26 goblins
  3 goblin skeletons (D:10)
  A goblin zombie (D:10)
  3 hobgoblin skeletons (D:10)
  3 hobgoblin zombies (D:10)
  An orc skeleton (D:10)
  8 orc zombies (D:10)
  2 quokka skeletons
  10 rats
  A briar patch (Swamp:2)
  A butterfly (Lair:2)
  A fungus (Lair:5)
927 creatures vanquished.

Vanquished Creatures (collateral kills)
  A thorn hunter (Swamp:2)
  The ghost of crawlian the Devastator, a journeyman DEFE of Vehumet (Orc:2)
  An orc warrior (Orc:2)
  2 centaurs (Orc:2)
  An orc wizard (Orc:2)
  2 orcs (Orc:2)
  2 briar patches (Swamp:2)
10 creatures vanquished.

Vanquished Creatures (others)
  2 slaves (D:8)
  A necrophage (D:8)
  An adder zombie (D:8)
  A goblin (D:8)
  A bush (Lair:4)
  A fulminant prism (Bailey)
  23 fungi
  10 plants
40 creatures vanquished.

Grand Total: 977 creatures vanquished

Action                   |  1- 3 |  4- 6 |  7- 9 | 10-12 | 13-15 | 16-18 || total
-------------------------+-------+-------+-------+-------+-------+-------++-------
Melee: Short sword       |    17 |       |       |       |       |       ||    17
       Club              |    63 |    31 |       |       |       |       ||    94
       Mace              |       |   158 |       |       |       |       ||   158
       Flail             |       |    28 |       |       |       |       ||    28
       Giant spiked club |       |    20 |   309 |   494 |  1006 |   229 ||  2058
Throw: Large rock        |     8 |    13 |     7 |    23 |    33 |     2 ||    86
       Throwing net      |       |     3 |       |       |       |       ||     3
 Cast: Ozocubu's Armour  |       |       |       |       |     5 |     9 ||    14
       Repel Missiles    |       |       |       |       |     3 |     5 ||     8
       Blink             |       |       |       |       |     1 |       ||     1
Invok: Summon Divine War |       |       |       |       |     3 |       ||     3
       Brand Weapon With |       |       |       |       |     1 |       ||     1
Evoke: Wand              |       |       |     3 |    19 |    33 |     6 ||    61
  Use: Scroll            |       |    18 |     5 |    20 |    18 |     6 ||    67
       Potion            |       |       |     4 |     5 |     7 |       ||    16
 Stab: Sleeping          |       |     1 |     1 |       |       |       ||     2
       Distracted        |       |       |     1 |       |       |       ||     1
       Confused          |       |       |       |     4 |     3 |       ||     7
  Eat: Chunk             |     1 |     8 |     4 |    12 |    13 |     1 ||    39
       Bread ration      |       |       |     2 |     1 |       |     1 ||     4
       Beef jerky        |       |       |     1 |       |     2 |     2 ||     5
       Fruit             |       |       |       |     8 |    27 |     5 ||    40
       Meat ration       |       |       |       |     1 |       |     1 ||     2
       Royal jelly       |       |       |       |       |     9 |       ||     9
       Pizza             |       |       |       |       |     1 |       ||     1
Armor: Robe              |    23 |    72 |    69 |    82 |   184 |    33 ||   463
Dodge: Dodged            |    54 |   131 |   204 |   335 |   892 |   196 ||  1812
       Deflected         |       |       |       |       |     5 |    20 ||    25

Action                   |  1- 3 |  4- 6 |  7- 9 | 10-12 | 13-15 | 16-18 || total
-------------------------+-------+-------+-------+-------+-------+-------++-------
Melee: Short sword       |    17 |       |       |       |       |       ||    17
       Club              |    63 |    31 |       |       |       |       ||    94
       Mace              |       |   158 |       |       |       |       ||   158
       Flail             |       |    28 |       |       |       |       ||    28
       Giant spiked club |       |    20 |   309 |   494 |  1006 |   229 ||  2058
Throw: Large rock        |     8 |    13 |     7 |    23 |    33 |     2 ||    86
       Throwing net      |       |     3 |       |       |       |       ||     3
 Cast: Ozocubu's Armour  |       |       |       |       |     5 |     9 ||    14
       Repel Missiles    |       |       |       |       |     3 |     5 ||     8
       Blink             |       |       |       |       |     1 |       ||     1
Invok: Summon Divine War |       |       |       |       |     3 |       ||     3
       Brand Weapon With |       |       |       |       |     1 |       ||     1
Evoke: Wand              |       |       |     3 |    19 |    33 |     6 ||    61
  Use: Scroll            |       |    18 |     5 |    20 |    18 |     6 ||    67
       Potion            |       |       |     4 |     5 |     7 |       ||    16
 Stab: Sleeping          |       |     1 |     1 |       |       |       ||     2
       Distracted        |       |       |     1 |       |       |       ||     1
       Confused          |       |       |       |     4 |     3 |       ||     7
  Eat: Chunk             |     1 |     8 |     4 |    12 |    13 |     1 ||    39
       Bread ration      |       |       |     2 |     1 |       |     1 ||     4
       Beef jerky        |       |       |     1 |       |     2 |     2 ||     5
       Fruit             |       |       |       |     8 |    27 |     5 ||    40
       Meat ration       |       |       |       |     1 |       |     1 ||     2
       Royal jelly       |       |       |       |       |     9 |       ||     9
       Pizza             |       |       |       |       |     1 |       ||     1
Armor: Robe              |    23 |    72 |    69 |    82 |   184 |    33 ||   463
Dodge: Dodged            |    54 |   131 |   204 |   335 |   892 |   196 ||  1812
       Deflected         |       |       |       |       |     5 |    20 ||    25
